 Dungeon Crawl Stone Soup version 0.29.1-2-gbd0b4ee654 (webtiles) character file.

Game seed: 17612758312646036762

655 boopmooplesden the Twirler (level 7, -3/58 HPs)
             Began as a Minotaur Gladiator on Nov 1, 2022.
             Slain by a hornet (11 damage)
             ... on level 4 of the Dungeon.
             The game lasted 00:04:26 (3526 turns).

boopmooplesden the Twirler (Minotaur Gladiator)     Turns: 3526, Time: 00:04:26

Health: -3/58      AC:  6    Str: 21    XL:     7   Next: 29%
Magic:  6/6        EV: 13    Int:  5    God:
Gold:   200        SH:  0    Dex: 11    Spells: 6/6 levels left

rFire   . . .      SeeInvis .   a - +0 quarterstaff
rCold   . . .      Faith    .   (shield currently unavailable)
rNeg    . . .      Spirit   .   b - +0 leather armour
rPois   .          Reflect  .   c - +0 hat
rElec   .          Harm     .   (no cloak)
rCorr   .          Rampage  .   u - +2 pair of gloves
Will    .....                   (no boots)
Stlth   +.........              (no amulet)
HPRegen 0.19/turn               (no ring)
MPRegen 0.10/turn               (no ring)

@: slowed, very slow
A: horns 2, retaliatory headbutt
a: no special abilities


You were on level 4 of the Dungeon.
You visited 1 branch of the dungeon, and saw 4 of its levels.

You collected 200 gold pieces.

Inventory:

Hand Weapons
 a - a +0 quarterstaff (weapon)
 o - a +0 hammer of protection
 p - a +4 quarterstaff of chaos
Missiles
 e - a javelin (quivered)
Armour
 b - a +0 leather armour (worn)
 c - a +0 hat (worn)
 q - a +0 cloak
 r - a +0 scale mail
 u - a +2 pair of gloves (worn)
Jewellery
 g - a +6 ring of dexterity
 l - an amulet of guardian spirit
 n - an amulet of regeneration
 w - the ring of the Mage {Wiz Archmagi}
   (You took it off a gnoll bouda on level 4 of the Dungeon)

   [ring of wizardry]

   It improves your spell success rate.
   Archmagi:  It increases the power of your magical spells.
Scrolls
 f - 7 scrolls of identify
 h - a scroll of amnesia
 m - a scroll of blinking {unknown}
 v - a scroll of enchant weapon {unknown}
 x - a scroll of summoning {unknown}
Potions
 i - 2 potions of curing
 j - 2 potions of might
 k - 3 potions of brilliance {unknown}
 s - a potion of flight {unknown}
 t - a potion of magic {unknown}


   Skills:
 + Level 3.9 Fighting
 + Level 7.0 Staves
 + Level 2.4 Throwing
 + Level 4.2 Armour
 + Level 5.0 Dodging
 + Level 1.1 Stealth


You had 6 spell levels left.
You didn't know any spells.
Your spell library contained the following spells:

 Spells                   Type           Power      Damage    Failure   Level
 Sting                    Tmut/Pois      0%         1d3       52%         1
 Summon Small Mammal      Summ           0%         N/A       52%         1
 Poisonous Vapours        Pois/Air       0%         N/A       67%         2
 Sublimation of Blood     Necr           0%         N/A       67%         2
 Wereblood                Tmut           0%         N/A       67%         2
 Call Canine Familiar     Summ           0%         N/A       88%         3
 Summon Guardian Golem    Hex/Summ       0%         N/A       88%         3
 Olgreb's Toxic Radiance  Pois           0%         N/A       99%         4
 Summon Hydra             Summ           0%         N/A       100%        7


Dungeon Overview and Level Annotations

Branches:
Dungeon (4/15)
 Temple: D:4-7

Altars:
Elyvilon

Annotations:
D:4 4 runed translucent doors


Innate Abilities, Weirdness & Mutations

You have a pair of horns on your head.
You reflexively headbutt those who attack you in melee.


Message History

Throw: 2 throwing nets
Press: ? - help, Q - select action, (/) - cycle Shift-Dir - straight line, f - hornet
Aim: a hornet (lightly wounded, 42% to hit)
You throw a throwing net.
The throwing net barely misses the hornet.
The hornet stings you.
You feel as though you will be slow longer.
Throw: throwing net
Press: ? - help, Q - select action, (/) - cycle Shift-Dir - straight line, f/p - hornet
Aim: a hornet (lightly wounded, 42% to hit)
You throw a throwing net.
The throwing net barely misses the hornet.
The hornet closely misses you. The hornet completely misses you.
You barely miss the hornet. Your headbutt misses the hornet.
The hornet is lightly wounded.
The hornet stings you.
You feel as though you will be slow longer.
The hornet stings you!
* * * LOW HITPOINT WARNING * * *
You suddenly lose the ability to move!
The hornet stings you!
* * * LOW HITPOINT WARNING * * *
You are poisoned.
You feel as though you will be slow longer.
The hornet stings you but does no damage.
* * * LOW HITPOINT WARNING * * *
You feel sick.
The hornet stings you but does no damage.
You can move again.
Unknown command.
Unknown command.
Unknown command.
Unknown command.
Unknown command.
Unknown command.
You feel better. The hornet stings you!
* * * LOW HITPOINT WARNING * * *
You feel as though you will be slow longer.
The hornet completely misses you. The hornet stings you!
You die...

#.................#
.......##.......#
......###.......###
....####..........##########
..####.....................#
###......#........########.##
....##...#..........## #..##
#........#...######..# ##..#
#........##.##(y@.##.# ##.##
#...........#.####.#.#######..#
#.......##..# #.##........#.#
#........+..# ##†'.##++##...#
##+##+#..#..# #####8.)8##..#
.........#..## #8....8#..#
.........#...# #)....|#..#
.............###### #)..../#..#
###.........##....# #8....8#..#


You could see a hornet.

Vanquished Creatures
  Grinder (D:3)
  A black bear (D:4)
  An ogre (D:4)
  Crazy Yiuf (D:2)
  A gnoll bouda (D:4)
  A jelly (D:4)
  Jessica (D:2)
  2 iguanas (D:4)
  A gnoll (D:1)
  3 adders
  An ufetubus (D:4)
  A worm (D:3)
  2 dart slugs
  3 orcs
  4 ball pythons
  6 bats
  7 endoplasms
  5 giant cockroaches
  7 hobgoblins
  7 jackals
  9 kobolds
  2 quokkas
  3 frilled lizards
  12 goblins
  6 rats
88 creatures vanquished.

Notes
Turn   | Place    | Note
-------+----------+-------------------------------------------
     0 | D:1      | boopmooplesden the Minotaur Gladiator began the quest for
                  | the Orb.
     0 | D:1      | Reached XP level 1. HP: 18/18 MP: 0/0
   116 | D:1      | Reached XP level 2. HP: 11/25 MP: 1/1
   118 | D:1      | Reached skill level 4 in Staves
   554 | D:1      | Reached XP level 3. HP: 23/30 MP: 2/2
   826 | D:2      | Noticed Jessica
   830 | D:2      | Killed Jessica
   831 | D:2      | Reached skill level 1 in Armour
  1069 | D:2      | Reached XP level 4. HP: 36/37 MP: 3/3
  1381 | D:2      | Found a runed translucent door.
  1382 | D:2      | Noticed Crazy Yiuf
  1388 | D:2      | Killed Crazy Yiuf
  1878 | D:3      | Reached skill level 5 in Staves
  1963 | D:3      | Noticed Grinder
  1971 | D:3      | Killed Grinder
  1972 | D:3      | Reached XP level 5. HP: 39/45 MP: 4/4
  1972 | D:3      | Reached XP level 6. HP: 44/51 MP: 5/5
  2062 | D:3      | Found a white marble altar of Elyvilon.
  2221 | D:3      | Found a faded altar of an unknown god.
  2320 | D:3      | Reached skill level 6 in Staves
  3205 | D:4      | Found a large runed translucent door.
  3205 | D:4      | Found a large runed translucent door.
  3215 | D:4      | Reached skill level 1 in Stealth
  3215 | D:4      | Reached XP level 7. HP: 44/58 MP: 6/6
  3465 | D:4      | Noticed a hornet
  3465 | D:4      | Noticed a wyvern
  3473 | D:4      | Found a large runed translucent door.
  3473 | D:4      | Found a large runed translucent door.
  3515 | D:4      | Noticed a hornet
  3520 | D:4      | Reached skill level 7 in Staves
  3520 | D:4      | Reached skill level 5 in Dodging
  3523 | D:4      | Paralysed by a hornet for 3 turns
  3526 | D:4      | Slain by a hornet

Illustrated notes

Levels and vault maps discovered:
D:1:      minmay_arrival_loop, layout_rooms
D:2:      layout_loops_ring, serial_park_tiny_2, uniq_crazy_yiuf_cottage,
          uniq_jessica
D:3:      layout_basic, elyvilon_altar_5, shapermc_ecumenical_altar_acropolis,
          grunt_ministairs_3, hangedman_decor_slide_cut, minmay_ruptured,
          uniq_grinder
D:4:      kennysheep_spiral_hall, layout_basic, minmay_hollow_rounded_squares

Skill      XL: |  1  2  3  4  5  6  7 |
---------------+----------------------+-----
Staves         | 4 5 6 7 |  7.0
Armour         | 1 3 4 |  4.2
Dodging        | 4 5 |  5.0
Fighting       | 3 |  3.9
Stealth        | 1 |  1.1
Throwing       | |  2.4

Action                   |  1- 3 |  4- 6 |  7- 9 || total
-------------------------+-------+-------+-------++-------
Melee: Quarterstaff      |    58 |   113 |    25 ||   196
       Headbutt          |     1 |    17 |     3 ||    21
Throw: Throwing net      |       |     2 |     3 ||     5
  Use: Scroll            |     2 |       |       ||     2
       Potion            |       |       |     3 ||     3
 Stab: Held in net/web   |       |       |     2 ||     2
Armor: Leather armour    |    22 |    26 |     3 ||    51
Dodge: Dodged            |    32 |    68 |    21 ||   121
